 Dungeon Crawl Stone Soup version 0.31-a0-1071-gaead2f62b1 (webtiles) character file.

Game seed: 10845308555212495517

12494 Jeffwins the Basher (level 11, -2/92 HPs)
             Began as an Armataur Monk on Nov 26, 2023.
             Was the Champion of Okawaru.
             Shot with an arrow by a centaur warrior (17 damage)
             ... on level 10 of the Dungeon.
             The game lasted 00:22:45 (10615 turns).

Jeffwins the Basher (Armataur Monk)                Turns: 10615, Time: 00:22:46

Health: -2/92      AC: 17    Str: 16    XL:     11   Next: 63%
Magic:  24/24      EV:  8    Int: 14    God:    Okawaru [******]
Gold:   215        SH:  0    Dex: 14    Spells: 10/10 levels left

rFire   . . .        M - +8 whip "Snakebite" {venom, curare, rPois, =f}
rCold   + . .        d - orb {light}
rNeg    . . .        B - +0 robe
rPois   +            f - +0 helmet
rElec   .            o - +0 cloak
rCorr   .            N - +0 pair of gloves of Teshrus {rC+}
SInv    .            k - +3 barding of Contumacious Beauty {Rampage Will+}
Will    +....        (no amulet)
Stlth   +            W - ring of magical power
HPRegen 1.95/turn    (no ring)
MPRegen 0.19/turn

%: roll
@: glowing, studying Shields
A: large, deformed body, tough skin 3, armoured tail, roll 2, long tongue
a: Renounce Religion, Heroism, Finesse, Duel


You were on level 10 of the Dungeon.
You worshipped Okawaru.
Okawaru was exalted by your worship.
You visited 2 branches of the dungeon, and saw 11 of its levels.

You collected 626 gold pieces.
You spent 411 gold pieces at shops.


Innate Abilities, Weirdness & Mutations

Armour fits poorly on your strangely shaped body.
You have extremely tough skin. (AC +3)
You have a long armoured tail.
You roll and regenerate health when moving toward enemies. (Rampage Heal)
Your long tongue fully drains potion bottles. (2x potion effects)


   Skills:
 + Level 7.3 Fighting
 * Level 9.8 Maces & Flails
 + Level 4.1 Throwing
 + Level 8.7 Armour
 - Level 2.1 Dodging
 - Level 5.0 Stealth
 + Level 6.2 Invocations
 + Level 6.7 Evocations
 - Level 2.7 Shapeshifting


You had 10 spell levels left.
You didn't know any spells.
Your spell library contained the following spells:

 Spells                   Type           Power      Damage    Failure   Level
 Freeze                   Ice            0%         1d3       28%         1
 Kiss of Death            Conj/Necr      0%         2d5       28%         1
 Poisonous Vapours        Pois/Air       0%         N/A       41%         2
 Confusing Touch          Hex            0%         N/A       65%         3
 Frozen Ramparts          Ice            0%         1d1       65%         3
 Hailstorm                Conj/Ice       0%         3d3       65%         3
 Mephitic Cloud           Conj/Pois/Air  0%         N/A       65%         3
 Dispel Undead            Necr           0%         3d6       96%         4
 Freezing Cloud           Conj/Ice/Air   0%         6-21      100%        5

Inventory:

Hand Weapons
 a - a +1 morningstar of freezing
 b - a +0 demon whip of venom
 m - the +3 war axe of Discord {freeze, *Corrode MP+9 Dex+4 SInv}
   (You bought it in a shop on level 2 of the Dungeon)

   Dex+4:     It affects your dexterity (+4).
   MP+9:      It affects your magic capacity (+9).
   SInv:      It lets you see invisible.
   *Corrode:  It may corrode you when you take damage.
 J - a +0 scimitar of flaming
 M - the +8 whip "Snakebite" (weapon) {venom, curare, rPois, =f}
   (Okawaru gifted it to you on level 10 of the Dungeon)

   rPois:     It protects you from poison
Missiles
 z - 17 poisoned darts
 A - 5 curare-tipped darts (quivered) {=f}
 L - 4 silver javelins
Armour
 d - an orb of light (worn)
 f - a +0 helmet (worn)
 k - the +3 barding of Contumacious Beauty (worn) {Rampage Will+}
   (You acquired it on level 5 of the Dungeon)

   Will+:     It increases your willpower.
   Rampage:   It bestows one free step when moving towards enemies.
 o - a +0 cloak (worn)
 x - an orb of guile
 B - a +0 robe (worn)
 N - the +0 pair of gloves of Teshrus (worn) {rC+}
   (Okawaru gifted it to you on level 10 of the Dungeon)

   rC+:       It protects you from cold.
Magical Staves
 s - a staff of air
Jewellery
 D - an amulet of magic regeneration
 F - a ring of fire
 W - a ring of magical power (left hand)
Talismans
 i - a beast talisman
 u - a serpent talisman
Wands
 n - a wand of iceblast (16)
 v - a wand of polymorph (12)
 w - a wand of paralysis (13)
 y - a wand of flame (43)
 H - a wand of quicksilver (2)
Scrolls
 e - a scroll of teleportation {@r4}
 h - a scroll of revelation {unknown}
 j - 2 scrolls of amnesia
 G - a scroll of enchant weapon
 I - a scroll of fear
 K - a scroll of immolation {unknown}
Potions
 c - a potion of ambrosia
 g - a potion of attraction {!q}
 l - a potion of haste {@q3}
 p - a potion of enlightenment
 q - 2 potions of curing {@q1}
 r - 4 potions of magic
 t - a potion of invisibility
 C - a potion of mutation {!q}
 E - a potion of brilliance

Dungeon Overview and Level Annotations

Branches:
Dungeon (10/15)            Temple (1/1) D:4            Lair (0/5) D:10
    Orc: D:9-12

Altars:
Ashenzari
Cheibriados
Dithmenos
Elyvilon
Fedhas
Gozag
Hepliaklqana
Kikubaaqudgha
Makhleb
Nemelex Xobeh
Okawaru
Qazlal
Ru
Sif Muna
Trog
Uskayaw
Vehumet
Wu Jian
Xom
Yredelemnul
Zin
The Shining One

Shops:
D:2 *   D:4 *

Annotations:
D:8 2 transporters, serber55's ghost, journeyman OpEE
D:10 1 runed translucent door

..▓▓..▓▓▓▓..▓▒▓.▓▓.▓...▓▓.▓....#
..▓▓▓▓▓▓..▓▒▓$▓.▓..▓▓▓...▓▓....#
..▓▓▓▓..▓▒▓...▓.▓.▓▓...▓▓▓▓....#
..▓▓....+oo...▓.▓..▓.▓▓▓ ▓....#
..▓▓▓▓..▓▒▓.oW▓....▓▓▓ ▓....#
.....▓▓▓..▓▒▓W▓..▓▓▓▓ ▓....#
.......▓▓▓..▓▒▓▓▓▓ .░ ▓....#
.........▓▓▓..▓▓▓░J░ ▓....#
...........▓▓▓'.@(c░ ▓....#
.............▓▓▓▓░c░ ▓...##
................▓▓▓O░ ▓...#
..................▓▓▓ ▓...#
.............<......▓▓▓ ▓...###
............).........▓▓▓▓▓......
.###'##.....)....................
.#....#..........................
[#....#......................<...


You could see a slime creature, a centaur warrior, an ogre mage and a yaktaur.


Message History

Unknown command.
Unknown command.
You hit the eight-headed hydra.
You tail-slap the eight-headed hydra, but do no damage.
The eight-headed hydra is severely wounded.
The eight-headed hydra bites you but does no damage.
The eight-headed hydra bites you!
* * * LOW HITPOINT WARNING * * *
The eight-headed hydra misses you. The eight-headed hydra bites you!
* * * LOW HITPOINT WARNING * * *
The eight-headed hydra bites you but does no damage.
The eight-headed hydra bites you.
* * * LOW HITPOINT WARNING * * *
The eight-headed hydra bites you!
* * * LOW HITPOINT WARNING * * *
The eight-headed hydra bites you but does no damage.
Okay, then.
Aiming: Quicksilver Bolt
Press: ? - help, Shift-Dir - straight line, f - ogre mage
Aim: an ogre mage, wielding a +0 flail, wearing a +0 robe and wearing the amulet "Jauxuher" {Acrobat rElec Dex+6} (slightly transparent, haloed, 89% to hit)
The bolt of dispelling energy hits the eight-headed hydra!!
You kill the eight-headed hydra!
Okawaru is honoured by your kill.
The bolt of dispelling energy hits the centaur warrior!!
The centaur warrior is moderately wounded.
The bolt of dispelling energy hits the ogre mage!!
The ogre mage is heavily wounded.
The ogre mage's magical effects unravel!
The centaur warrior shoots an arrow.
The arrow hits you!
You die...

Skill      XL: |  1  2  3  4  5  6  7  8  9 10 11 |
---------------+----------------------------------+-----
Maces & Flails | 3 4 5 6 7 9 |  9.8
Armour         | 1 2 3 4 5 6 7 8 |  8.7
Stealth        | 1 2 3 4 5 |  5.0
Fighting       | 3 4 5 6 7 |  7.3
Evocations     | 1 2 3 4 6 |  6.7
Shapeshifting  | 1 2 |  2.7
Invocations    | 1 2 4 5 6 |  6.2
Throwing       | 3 4 |  4.1
Dodging        | |  2.1

Action                     |  1- 3 |  4- 6 |  7- 9 | 10-12 || total
---------------------------+-------+-------+-------+-------++-------
  Melee: Mace              |    97 |    97 |    38 |       ||   232
         Tailslap          |    14 |    20 |    61 |    52 ||   147
         Morningstar       |       |       |   283 |   168 ||   451
         Whip              |       |       |       |    67 ||    67
         Demon whip        |       |       |       |    65 ||    65
  Throw: Dart              |       |       |       |     3 ||     3
 Invoke: Heroism           |       |       |     1 |       ||     1
         Receive Weapon    |       |       |       |     1 ||     1
         Receive Armour    |       |       |       |     1 ||     1
  Evoke: Wand              |       |     8 |     2 |     9 ||    19
    Use: Potion            |       |     2 |     2 |     4 ||     8
         Scroll            |       |       |     7 |     7 ||    14
   Stab: Distracted        |       |       |     1 |       ||     1
         Paralysed         |       |       |     2 |     1 ||     3
         Sleeping          |       |       |       |     2 ||     2
 Armour: Robe              |    94 |    66 |   272 |   315 ||   747
  Dodge: Dodged            |    78 |    55 |   156 |   135 ||   424
   Form: Beast             |     1 |       |     1 |       ||     2
                           |       |       |     2 |       ||     2

Levels and vault maps discovered:
D:1:      beargit_arrival_greenhouse, layout_loops_ring, minmay_misc_feat_rows
D:2:      layout_basic, serial_shops, nicolae_shop_drivethru, basic_altar,
          uniq_robin
D:3:      layout_loops_corners, uniq_grinder, uniq_sigmund
D:4:      layout_cave_pools, grunt_temple_overflow_open,
          minmay_temple_entry_enclosed_plants, serial_shops,
          nicolae_take_the_stairs, uniq_natasha, uniq_menkaure
D:5:      layout_basic, mainiacjoe_overflow_alcove_2, gammafunk_ghost_mausoleum
D:6:      layout_basic, chequers_serial_rivers_room_b, st_stairs_2,
          uniq_jeremiah
D:7:      layout_basic, mainiacjoe_overflow_paths
D:8:      layout_rooms, gammafunk_ghost_arena, minmay_misc_feat_rugged
D:9:      layout_loops_ring, lemuel_coloured_pillars_altar,
          nicolae_overflow_squiral, uniq_erica, uniq_amaemon
D:10:     minmay_the_grid_triangle_9x9_rhombus_full
          [minmay_the_grid_triangle_9x9_empty,
          minmay_the_grid_triangle_9x9_warning,
          minmay_the_grid_triangle_9x9_longest,
          minmay_the_grid_triangle_9x9_semitri,
          minmay_the_grid_triangle_9x9_zippers_vertical,
          minmay_the_grid_triangle_9x9_subtriangle,
          minmay_the_grid_triangle_9x9_corrupted_corridor,
          minmay_the_grid_triangle_9x9_prize_special], layout_irregular_city,
          lair_entry_dummy, uniq_erolcha
Temple:   compressed_dpeg_circular_temple

Notes
Turn   | Place    | Note
-------+----------+-------------------------------------------
     0 | D:1      | Jeffwins the Armataur Monk began the quest for the Orb.
     0 | D:1      | Reached XP level 1. HP: 18/18 MP: 1/1
   100 | D:1      | Reached XP level 2. HP: 18/25 MP: 2/2
   139 | D:1      | Reached skill level 3 in Maces & Flails
   195 | D:1      | Reached skill level 1 in Armour
   195 | D:1      | Reached skill level 1 in Stealth
   652 | D:1      | Reached XP level 3. HP: 29/30 MP: 3/3
   706 | D:2      | Reached skill level 3 in Fighting
   868 | D:2      | Found a burning altar of Makhleb.
   968 | D:2      | Noticed Robin
   982 | D:2      | Reached XP level 4. HP: 15/38 MP: 4/4
   986 | D:2      | HP: 2/38 [Robin/+0 mace (6)]
   990 | D:2      | Killed Robin
  1033 | D:2      | Reached skill level 2 in Stealth
  1035 | D:2      | Found a transporter.
  1037 | D:2      | Found Axza's Assorted Antiques.
  1101 | D:2      | Found a transporter.
  1496 | D:3      | Reached skill level 2 in Armour
  1595 | D:3      | Noticed Sigmund
  1606 | D:3      | Killed Sigmund
  1607 | D:3      | Reached skill level 4 in Maces & Flails
  1607 | D:3      | Reached skill level 1 in Evocations
  1607 | D:3      | Reached skill level 1 in Shapeshifting
  1607 | D:3      | Reached XP level 5. HP: 18/45 MP: 5/5
  1607 | D:3      | Reached XP level 6. HP: 21/51 MP: 6/6
  2096 | D:3      | Noticed Grinder
  2096 | D:3      | Paralysed by Grinder for 5 turns
  2108 | D:3      | Killed Grinder
  2109 | D:3      | Reached skill level 3 in Armour
  2109 | D:3      | Reached skill level 3 in Stealth
  2703 | D:4      | Gained mutation: You roll and regenerate health when moving
                  | toward enemies. (Rampage Heal) [Armataur growth]
  2703 | D:4      | Reached XP level 7. HP: 36/58 MP: 7/7
  2795 | D:4      | Reached skill level 2 in Evocations
  2873 | D:4      | Noticed Natasha
  2884 | D:4      | Killed Natasha
  2911 | D:4      | Found a staircase to the Ecumenical Temple.
  2918 | Temple   | Entered the Ecumenical Temple
  2953 | D:4      | Reached skill level 4 in Fighting
  2954 | D:4      | Reached skill level 5 in Maces & Flails
  2954 | D:4      | Reached skill level 2 in Shapeshifting
  3075 | D:4      | Found Buacuip's General Store.
  3137 | D:4      | Found a basalt altar of Yredelemnul.
  3141 | D:4      | Found an iron altar of Okawaru.
  3141 | D:4      | Found a shadowy altar of Dithmenos.
  3168 | D:4      | Noticed Natasha
  3173 | D:4      | Became a worshipper of Warmaster Okawaru
  3173 | D:4      | Reached * piety under Okawaru
  3173 | D:4      | Reached ** piety under Okawaru
  3260 | D:4      | Noticed Menkaure
  3265 | D:4      | Killed Natasha
  3271 | D:4      | Killed Menkaure
  3272 | D:4      | Reached skill level 4 in Armour
  3486 | D:4      | Noticed Natasha
  3493 | D:4      | Killed Natasha
  3494 | D:4      | Reached skill level 4 in Stealth
  3624 | D:5      | Entered Level 5 of the Dungeon
  3744 | D:5      | Reached skill level 1 in Invocations
  3744 | D:5      | Reached XP level 8. HP: 24/66 MP: 8/8
  3836 | D:4      | Bought a potion of enlightenment for 50 gold pieces
  3836 | D:4      | Bought a scroll of identify for 20 gold pieces
  3836 | D:4      | Bought a wand of iceblast (4) for 96 gold pieces
  3836 | D:4      | Bought a potion of curing for 30 gold pieces
  3836 | D:4      | Bought a scroll of identify for 20 gold pieces
  3838 | D:4      | Identified a scroll of acquirement
  3850 | D:5      | Acquired the +3 barding of Contumacious Beauty {Rampage
                  | Will+}
  3913 | D:5      | Reached skill level 3 in Evocations
  3935 | D:5      | Reached *** piety under Okawaru
  3980 | D:5      | Found a sacrificial altar of Ru.
  4271 | D:5      | Reached skill level 2 in Invocations
  4352 | D:5      | Reached skill level 6 in Maces & Flails
  4353 | D:5      | Found a transporter.
  4355 | D:5      | Noticed Eugor's ghost (novice DECj)
  4384 | D:5      | Found a transporter.
  4515 | D:5      | Reached skill level 5 in Armour
  4702 | D:5      | Killed Eugor's ghost
  4703 | D:5      | Reached skill level 5 in Stealth
  4703 | D:5      | Reached XP level 9. HP: 45/73 MP: 8/11
  4713 | D:5      | Reached skill level 5 in Fighting
  4877 | D:6      | Noticed Jeremiah
  4896 | D:6      | Reached **** piety under Okawaru
  4949 | D:6      | Paralysed by Jeremiah for 3 turns
  4967 | D:5      | Reached skill level 3 in Invocations
  5141 | D:6      | Paralysed by Jeremiah for 2 turns
  5148 | D:6      | Killed Jeremiah
  5149 | D:6      | Reached skill level 4 in Evocations
  5303 | D:6      | Reached skill level 7 in Maces & Flails
  5400 | D:6      | Reached skill level 6 in Armour
  5551 | D:6      | Reached ***** piety under Okawaru
  5684 | D:6      | Reached skill level 4 in Invocations
  6102 | D:7      | Reached XP level 10. HP: 42/83 MP: 13/13
  6288 | D:7      | Found an ancient bone altar of Kikubaaqudgha.
  6327 | D:7      | Reached skill level 5 in Evocations
  6966 | D:8      | Found a transporter.
  6966 | D:8      | Found a transporter.
  6966 | D:8      | Noticed serber55's ghost (journeyman OpEE)
  6972 | D:8      | Noticed a boulder beetle
  6975 | D:8      | Noticed a five-headed hydra
  7039 | D:8      | Reached skill level 8 in Maces & Flails
  7052 | D:8      | Reached skill level 6 in Fighting
  7052 | D:8      | Reached skill level 1 in Throwing
  7097 | D:8      | Paralysed by a hornet for 1 turns
  7101 | D:8      | Reached skill level 7 in Armour
  7246 | D:2      | Bought a shimmering war axe for 195 gold pieces
  7246 | D:2      | Identified the +3 war axe of Discord {freeze, *Corrode MP+9
                  | Dex+4 SInv} (You bought it in a shop on level 2 of the
                  | Dungeon)
  7573 | D:7      | Received a gift from Okawaru
  7708 | D:8      | Reached skill level 2 in Throwing
  8341 | D:9      | Reached skill level 5 in Invocations
  8543 | D:9      | Noticed Amaemon
  8543 | D:9      | Noticed an orange demon
  8550 | D:9      | Killed an orange demon
  8591 | D:9      | Killed Amaemon
  8592 | D:9      | Reached skill level 9 in Maces & Flails
  8592 | D:9      | Reached skill level 3 in Throwing
  8592 | D:9      | Reached skill level 6 in Evocations
  8595 | D:9      | Reached XP level 11. HP: 71/91 MP: 15/15
  8946 | D:9      | Noticed Erica
  9354 | D:9      | Killed Erica
  9355 | D:9      | Reached skill level 8 in Armour
  9420 | D:9      | Found a burning altar of Makhleb.
  9421 | D:9      | Found an ornate altar of the Wu Jian Council.
  9596 | D:9      | Found a radiant altar of Vehumet.
  9694 | D:10     | Entered Level 10 of the Dungeon
  9745 | D:10     | Noticed Erolcha
  9757 | D:10     | Killed Erolcha
  9757 | D:10     | Received a gift from Okawaru
  9869 | D:10     | Noticed a two-headed ogre
  9882 | D:10     | Killed a two-headed ogre
  9882 | D:10     | Reached ****** piety under Okawaru
  9883 | D:10     | Reached skill level 7 in Fighting
  9885 | D:10     | Acquired the +8 whip "Snakebite" {venom, curare, rPois}
  9885 | D:10     | Received a gift from Okawaru
  9885 | D:10     | Found the +8 whip "Snakebite" {venom, curare, rPois, =f}
  9888 | D:10     | Acquired the +0 pair of gloves of Teshrus {rC+}
  9888 | D:10     | Received a gift from Okawaru
 10130 | D:10     | Found a staircase to the Lair.
 10299 | D:10     | Noticed a two-headed ogre
 10308 | D:10     | Killed a two-headed ogre
 10409 | D:10     | Noticed an ogre mage
 10409 | D:10     | Noticed a centaur warrior
 10416 | D:10     | Killed an ogre mage
 10416 | D:10     | Received a gift from Okawaru
 10417 | D:10     | Reached skill level 6 in Invocations
 10426 | D:10     | Killed a centaur warrior
 10427 | D:10     | Reached skill level 4 in Throwing
 10582 | D:10     | Noticed an orc knight
 10586 | D:10     | Found a runed translucent door.
 10600 | D:10     | Noticed a centaur warrior
 10603 | D:10     | Noticed an eight-headed hydra
 10605 | D:10     | Identified the amulet "Jauxuher" {Acrobat rElec Dex+6}
 10605 | D:10     | Noticed an ogre mage
 10615 | D:10     | Killed an eight-headed hydra
 10615 | D:10     | Shot with an arrow by a centaur warrior

Vanquished Creatures
  Erolcha (D:10)
  A hydra (D:10)
  2 two-headed ogres (D:10)
  An ogre mage (D:10)
  A centaur warrior (D:10)
  Erica (D:9)
  Amaemon (D:9)
  A cyclops (D:10)
  An orange demon (D:9)
  The ghost of Eugor the Conjurer, a novice DECj (D:5)
  Jeremiah (D:6)
  A hornet (D:8)
  Grinder (D:3)
  Sigmund (D:3)
  A wraith (D:9)
  13 yaks
  A wyvern (D:7)
  Menkaure (D:4)
  2 acid dragons
  A water moccasin (D:7)
  An orc warrior (D:10)
  A sky beast (D:7)
  3 black bears
  3 ice beasts
  An ogre (D:6)
  3 centaurs
  3 phantoms
  4 bullfrogs
  3 kobold brigands
  2 scorpions
  2 gnoll sergeants
  7 wights
  4 killer bees (D:9)
  3 howler monkeys
  2 jellies (D:4)
  3 hounds
  6 orc priests
  A gnoll bouda (D:6)
  A bullfrog skeleton (D:5)
  A centaur skeleton (D:5)
  3 sleepcaps
  5 iguanas
  Natasha (thrice) (D:4)
  12 orc wizards
  A killer bee zombie (D:5)
  A howler monkey zombie (D:5)
  Robin (D:2)
  11 gnolls
  5 adders
  A shadow imp (D:5)
  4 white imps
  6 ufetubi (D:6)
  2 dart slugs
  25 orcs
  11 ball pythons
  4 endoplasms
  3 giant cockroaches
  17 goblins
  11 hobgoblins
  6 jackals
  3 quokkas (D:2)
  11 bats
  6 frilled lizards
  17 kobolds
  3 rats (D:3)
260 creatures vanquished.

Vanquished Creatures (others)
  3 kobolds (D:9)
3 creatures vanquished.

Grand Total: 263 creatures vanquished

Table legend: (Time is in decaauts)
 A = Elapsed time spent in this place.
 B = Non-inter-level travel time spent in this place.
 C = Inter-level travel time spent in this place.
 D = Time resting spent in this place.
 E = Time spent auto-exploring this place.
 F = Levels seen in this place.
 G = Mean time per level.
                   A        B        C        D        E       F      G
               +--------+--------+--------+--------+--------+-----+--------+
         Total |  10692 |  10003 |    689 |    919 |   7160 |  11 |  972.0 |
       Dungeon |  10688 |   9999 |    689 |    919 |   7160 |  10 | 1068.8 |
        Temple |      4 |      4 |      0 |      0 |      0 |   1 |    4.0 |
               +--------+--------+--------+--------+--------+-----+--------+

Top non-repeatable levels by time:
     D:5: 1611 daAuts
     D:7: 1385 daAuts
     D:3: 1372 daAuts
     D:9: 1282 daAuts
     D:4: 1006 daAuts
    D:10: 884 daAuts
     D:8: 856 daAuts
     D:6: 849 daAuts
     D:2: 736 daAuts
     D:1: 702 daAuts
  Temple: 4 daAuts

Table legend:
 A = Non-vault XP
 B = Vault XP
 C = Vault XP percentage of total XP
 D = Non-vault monster count
 E = Vault monster count
 F = Vault count percentage of total count
                 A         B        C        D         E       F
            +---------+---------+-------+---------+---------+-------
      Total |   10039 |    8660 |  46.3 |     226 |      34 |  13.1
            +---------+---------+-------+---------+---------+-------
        D:1 |      42 |       0 |   0.0 |      24 |       0 |   0.0
        D:2 |      59 |      37 |  38.5 |      23 |      13 |  36.1
        D:3 |      55 |     497 |  90.0 |      24 |       2 |   7.7
        D:4 |     468 |     219 |  31.9 |      20 |       2 |   9.1
        D:5 |    1272 |     559 |  30.5 |      33 |       5 |  13.2
        D:6 |    1493 |     541 |  26.6 |      28 |       3 |   9.7
        D:7 |    1978 |       0 |   0.0 |      14 |       0 |   0.0
        D:8 |     899 |       0 |   0.0 |      14 |       0 |   0.0
        D:9 |    2260 |    2046 |  47.5 |      26 |       3 |  10.3
       D:10 |    1513 |    4761 |  75.9 |      20 |       6 |  23.1
            +---------+---------+-------+---------+---------+-------
